Unix NetHack Version 5.0.0-0 post-release - last build Jun 10 2026 00:39:30 (3ee93aec679c4c4259841fe613dc97188e26a321,branch:main).

Game began 2026-07-05 12:23:19, ended 2026-07-05 15:41:08.

Eymerich, chaotic male elven Priest

              -----                                 --------
              |(...            ########%############-......|
              |..<|            ###############      |......|
              -|---            ########             .......|
               ##               #     .             |..000.|
            #####               #     ..            |..0@0.|
 ------- ####                   #     .C            --------
 |...[.| #     ----------       #    ----
 |......##     |........| #######
 |.[.).|   ####-)........##
 |.....| ###   |........|
 |...).-##     |.%.......
 -------       |......."|
               ----------

Eymerich the Adept           St:13 Dx:12 Co:16 In:11 Wi:20 Ch:10  Chaotic
Dlvl:8  $:285 HP:0(60) Pw:99(99) AC:-1 Xp:7 T:6861 

Latest messages:
 You hear some noises.
 You have a sad feeling for a moment, then it passes.
 Pick a monster, object or location.
 What do you want to throw? [$hnoqrtADEO or ?*]
 In what direction?
 The wolf bites!
 You feel a bit steadier now.
 The wolf misses!
 What do you want to use or apply? [cikuvzBKVX or ?*]
 In what direction?
 The wolf is frightened by its reflection.
 The ettin zombie hits!
 The ettin zombie hits again!
 What do you want to zap? [uzBKX or ?*]
 Never mind.
 What do you want to use or apply? [cikuvzBKVX or ?*]
 In what direction?
 The ettin zombie ignores his reflection.
 What do you want to drink? [dfjIRU or ?*]
 You feel better.
 The blast of frost hits it.
 The blast of frost hits you!
 The blast of frost hits it.
 The blast of frost hits you!
 You see here a shining spellbook.
 l - a shining spellbook.
 You fall into a pit!
 Your pair of iron shoes protects you from the sharp iron spikes.
 The wolf bites!
 You are still in a pit.
 The wolf bites!
 What do you want to use or apply? [cikluvzBKVX or ?*]
 In what direction?
 The wolf is frightened by its reflection.
 You are still in a pit.
 The winter wolf cub bites!
 What do you want to use or apply? [cikluvzBKVX or ?*]
 In what direction?
 The winter wolf cub ignores its reflection.
 The winter wolf cub bites!
 What do you want to read? [agklwM or ?*]
 As you read the scroll, it disappears.
 The ceiling rumbles above you!
 The winter wolf cub is hit by a boulder!
 You kill the winter wolf cub!
 You are hit by a boulder!
 Fortunately, you are wearing a hard helmet.
 The boulder falls into the pit with you.
 You die...
 Do you want your possessions identified? [ynq] (y)

Inventory:
 Coins    ('$')
  $ - 285 gold pieces
 Weapons  (')')
  n - 3 +0 arrows
  r - 2 poisoned +0 orcish arrows
  D - 5 +0 ya (in quiver)
  o - a +0 bow (alternate weapon; not wielded)
  q - 4 +0 darts
  h - 6 +0 shuriken
  A - 4 blessed +2 daggers
  O - 3 rustproof +0 daggers
  E - a fireproof +0 elven dagger
  t - a corroded +1 aklys (tethered to right hand)
 Armor    ('[')
  x - a blessed +3 orcish helm (being worn)
  Y - a +0 pair of iron shoes (being worn)
  T - a blessed +0 dwarvish cloak (being worn)
  b - a +0 robe
  F - a +0 elven mithril-coat (being worn)
 Comestibles  ('%')
  e - a tripe ration
 Scrolls  ('?')
  a - a scroll of confuse monster
  w - a scroll of earth
  M - a scroll of enchant armor
  g - a scroll of magic mapping
 Spellbooks  ('+')
  k - a spellbook of clairvoyance
  l - a spellbook of confuse monster
 Potions  ('!')
  R - a potion of full healing
  I - 2 potions of healing
  f - a cursed potion of invisibility
  j - a potion of sickness
  U - a potion of sleeping
  d - a potion of holy water
 Wands    ('/')
  K - a wand of digging (0:8)
  X - a wand of digging (0:4)
  B - a wand of digging (0:3)
  z - a wand of light (0:11)
  u - a wand of slow monster (0:5)
 Tools    ('(')
  i - a magic marker (0:22)
  V - a mirror
  v - a skeleton key
  c - a tin whistle
 Gems/Stones  ('*')
  Z - 2 agate stones named soft
  Q - a topaz stone named hard
  W - a worthless piece of black glass named soft
  S - a worthless piece of red glass named soft
  C - a worthless piece of yellowish brown glass named soft

Eymerich the Priest's attributes:

Background:
 You were an Adept, a level 7 elven Priest.
 You were chaotic, on a mission for Offler
 who was opposed by Blind Io (lawful) and The Lady (neutral).
 You were right-handed.
 You were in the Dungeons of Doom, on level 8.
 You entered the dungeon 6861 turns ago.
 You had 787 experience points, 493 more were needed to attain level 8.

Basics:
 You had 0 out of 60 hit points.
 You had all 99 energy points (spell power).
 Your armor class was -1.
 Your wallet contained 285 zorkmids.
 Autopickup was off.

Final Characteristics:
 Your strength was 13 (peak:16, limit:18).
 Your dexterity was 12 (limit:18).
 Your constitution was 16 (limit:16).
 Your intelligence was 11 (limit:20).
 Your wisdom was 20 (limit:20).
 Your charisma was 10 (limit:18).

Final Status:
 You were trapped in a spiked pit.
 You weren't hungry.
 You were unencumbered.
 You were wielding a club.
 You were skilled in club.

Final Attributes:
 You were piously aligned.
 Your items were somewhat protected from fire.
 Your items were somewhat protected from cold.
 You were sleep resistant.
 You were telepathic.
 You had infravision.
 You were guarded.
 Your spell casting was impaired by metallic armor.
 You are dead.

Miscellaneous:
 You didn't encounter any bones levels.
 Total elapsed playing time was 1 hour, 48 minutes and 32 seconds.

Major events:
 Turn
    1: Eymerich the chaotic elven Priest entered the dungeon
  606: attained the rank of Acolyte (level 3)
 1382: entered the Gnomish Mines
 4574: attained the rank of Adept (level 6)
 6861: squished under a boulder

Spells:
 Name                 Level Category     Fail Retention
 healing                1   healing       93%   51%-75%
 detect food            2   divination   100%   51%-75%
 chain lightning        2   attack       100%  76%-100%

Skills:
 Fighting Skills
   bare handed combat [Unskilled]
 Weapon Skills
   club               [Skilled]
   mace               [Skilled]
   morning star       [Unskilled]
   flail              [Unskilled]
   hammer             [Unskilled]
   quarterstaff       [Unskilled]
   polearms           [Unskilled]
   spear              [Unskilled]
   trident            [Unskilled]
   lance              [Unskilled]
   bow                [Unskilled]
   sling              [Unskilled]
   crossbow           [Unskilled]
   dart               [Unskilled]
   shuriken           [Unskilled]
   boomerang          [Unskilled]
   unicorn horn       [Unskilled]
 Spellcasting Skills
   healing spells     [Unskilled]
   divination spells  [Unskilled]
   clerical spells    [Basic]

Voluntary challenges:
 Character rerolling was not enabled.
 You never genocided any monsters.
 You never polymorphed an object.
 You never changed form.
 You used no wishes.
Achievements:
 You attained the rank of Acolyte.
 You entered a shop.
 You entered the Gnomish Mines.
 You attained the rank of Adept.

 The Dungeons of Doom: levels 1 to 8
    Level 1:
       A fountain.
    Level 2:
       A general store, a fountain.
       Stairs down to The Gnomish Mines.
    Level 3: "vault (done), box 9 items"
    Level 4: "chest 2 items"
       A fountain.
    Level 5:
       A fountain.
    Level 6: "box 5 items"
    Level 7:
       A weapon shop, a fountain.
    Level 8: <- You were here.
       Final resting place for
          you, squished under a boulder.
 The Gnomish Mines:
    Level 3:


Vanquished creatures:
  a small mimic
  a large cat
  a giant beetle
  3 winter wolf cubs
  2 leprechauns
  a giant spider
 an orc mummy
  a lizard
 an ape
  a wood nymph
  4 Uruk-hai
  a rock piercer
  a shrieker
  2 gnome leaders
  a gnomish wizard
  2 gray oozes
  2 elf zombies
  2 straw golems
  3 giant ants
  7 floating eyes
  a kitten
  3 dwarves
  a kobold leader
  a hill orc
  2 rothes
  a rabid rat
  2 orc zombies
  a dwarf zombie
  a werejackal
  2 iguanas
  4 acid blobs
  a coyote
  3 gas spores
  2 hobbits
  a large kobold
  4 cave spiders
  a yellow mold
  a red mold
  9 gnomes
  3 garter snakes
  a gnome zombie
  4 geckos
 15 jackals
  2 foxes
  a kobold
  8 goblins
  2 sewer rats
  2 grid bugs
  9 lichens
  2 kobold zombies
 13 newts
141 creatures vanquished.

No species were genocided or became extinct.

Game over:
                       ----------
                      /          \
                     /    REST    \
                    /      IN      \
                   /     PEACE      \
                  /                  \
                  |     Eymerich     |
                  |      285 Au      |
                  | squished under a |
                  |     boulder      |
                  |                  |
                  |                  |
                  |       2026       |
                 *|     *  *  *      | *
        _________)/\\_//(\/(/\)/\//\/|_)_______

Goodbye Eymerich the Priest...

You died in The Dungeons of Doom on dungeon level 8 with 3471 points,
and 285 pieces of gold, after 6861 moves.
You were level 7 with a maximum of 60 hit points when you died.

